 Dungeon Crawl Stone Soup version 0.17-a0-854-g4a4ba72 (webtiles) character file.

877 FedoraBrony69 the Fighter (level 7, -5/69 HPs)
             Began as a Minotaur Berserker on Apr 28, 2015.
             Was an Initiate of Jiyva.
             Slain by a black bear (9 damage)
             ... created by the rage of Trog
             ... in the Ecumenical Temple.
             The game lasted 00:05:56 (4068 turns).

FedoraBrony69 the Fighter (Minotaur Berserker)      Turns: 4068, Time: 00:05:56

Health: -5/69      AC:  8    Str: 24    XL:     7   Next: 75%
Magic:  6/6        EV:  3    Int:  8    God:    Jiyva [......]
Gold:   214        SH:  0    Dex:  9    Spells: 0 memorised, 6 levels left

rFire  . . .     SeeInvis .     a - +0 mace
rCold  . . .     Clarity  .     s - +0 chain mail
rNeg   . . .     SustAb   .     (no shield)
rPois  .         Gourm    .     (helmet restricted)
rElec  .         Spirit   .     (no cloak)
rCorr  .         Warding  .     (no gloves)
rMut   .         Stasis   .     (no boots)
MR     .....                    (no amulet)
Stlth  ..........               o - ring of wizardry
                                j - +4 ring of intelligence

@: not resistant to hostile enchantments, extremely unstealthy
A: retaliatory headbutt, horns 2
a: Renounce Religion


You were in the Ecumenical Temple.
You worshipped Jiyva.
Jiyva was noncommittal.
You were not hungry.

You visited 2 branches of the dungeon, and saw 6 of its levels.

You collected 214 gold pieces.

Inventory:

Hand weapons
 a - a +0 mace (weapon)
Armour
 b - a +0 animal skin
 n - a +0 scale mail
 s - a +0 chain mail (worn)
 A - a +0 cloak
Jewellery
 j - a +4 ring of intelligence (left hand)
 o - a ring of wizardry (right hand)
Magical devices
 r - a wand of disintegration (13)
 y - a wand of slowing (23)
Scrolls
 d - 3 scrolls of identify {unknown}
 e - a scroll of noise {unknown}
 g - 4 scrolls of teleportation {unknown}
 h - a scroll of immolation {unknown}
 k - 2 scrolls of amnesia {unknown}
 q - 2 scrolls of magic mapping {unknown}
 v - a scroll of recharging {unknown}
 x - 2 scrolls of enchant weapon {unknown}
 B - a scroll of random uselessness {unknown}
Potions
 i - a potion of resistance {unknown}
 l - 3 potions of curing {unknown}
 m - a potion of cancellation {unknown}
 p - a potion of haste {unknown}
 u - a potion of mutation {unknown}
 w - a potion of brilliance {unknown}
Comestibles
 c - 2 bread rations
 f - 2 meat rations
 t - 2 beef jerkies
 z - 3 chunks of flesh


   Skills:
 + Level 8.4 Fighting
 + Level 8.2 Maces & Flails
 - Level 2.4 Armour
 - Level 2.1 Dodging


You had 6 spell levels left.
You didn't know any spells.

Dungeon Overview and Level Annotations

Branches:
Dungeon (5/15)             Temple (1/1) D:5

Altars:
Ashenzari
Cheibriados
Elyvilon
Fedhas
Kikubaaqudgha
Makhleb
Nemelex Xobeh
Qazlal
Ru
Trog
Vehumet
Xom
Yredelemnul
Zin
The Shining One
Jiyva


Innate Abilities, Weirdness & Mutations

You reflexively headbutt those who attack you in melee.
You have a pair of horns on your head.


Message History

The black bear claws you.
* * * LOW HITPOINT WARNING * * *
The black bear claws you but does no damage.
The black bear bites you but does no damage.
The black bear claws you but does no damage.
The black bear barely misses you.
There is a staircase back to the Dungeon, spattered with blood here.
You can't go down here!
The black bear bites you but does no damage.
The black bear claws you but does no damage. x2
The polar bear bites you!
* * * LOW HITPOINT WARNING * * *
The polar bear claws you.
* * * LOW HITPOINT WARNING * * *
The polar bear claws you but does no damage.
The black bear bites you.
* * * LOW HITPOINT WARNING * * *
The black bear claws you but does no damage. x2
The black bear bites you!
You die...

.###...._....###....P..≈≈≈
##..._....._...##.......≈≈
'...............#...P..≈≈≈
'.......⌠..._...#.......≈≈
'...............#......≈≈≈
##..._....._...##.......≈≈
.###...._....###......≈≈≈≈
...###.....###.hhh...≈≈≈≈≈
.....#######..hh@h...≈≈≈≈≈
........P......hhh.≈≈≈≈≈≈
.........P.......P≈≈≈≈≈≈≈
............P.....≈≈≈≈≈≈≈
.≈...≈≈.≈≈≈.≈...≈≈≈≈≈≈≈≈
≈≈≈≈≈≈≈≈≈≈≈≈≈≈≈≈≈≈≈≈≈≈≈
≈≈≈≈≈≈≈≈≈≈≈≈≈≈≈≈≈≈≈≈≈≈
≈≈≈≈≈≈≈≈≈≈≈≈≈≈≈≈≈≈≈≈≈
≈≈≈≈≈≈≈≈≈≈≈≈≈≈≈≈≈≈


You could see a polar bear and 8 black bears.

Vanquished Creatures
  A phantom (D:4)
  An ogre (D:4)
  A water moccasin skeleton (D:5)
  A crimson imp (D:5)
  3 hounds (D:4)
  2 orc priests (D:4)
  A centaur skeleton (D:4)
  A jelly (D:5)
  3 iguanas
  An orc wizard (D:4)
  4 worker ants
  A hound skeleton (D:4)
  A hound zombie (D:5)
  5 adders
  7 gnolls
  3 oozes (D:5)
  4 worms
  10 orcs
  7 bats
  A bat skeleton (D:4)
  2 giant cockroaches
  11 hobgoblins
  2 jackals (D:2)
  3 ball pythons
  A giant gecko (D:5)
  2 giant newts
  7 goblins
  8 kobolds
  2 rats (D:4)
96 creatures vanquished.

Vanquished Creatures (others)
  A giant newt (D:2)
1 creature vanquished.

Grand Total: 97 creatures vanquished

Notes
Turn   | Place    | Note
--------------------------------------------------------------
     0 | D:1      | FedoraBrony69, the Minotaur Berserker, began the quest for the Orb.
     0 | D:1      | Reached XP level 1. HP: 19/19 MP: 0/0
   479 | D:1      | Reached skill level 4 in Fighting
   506 | D:1      | Reached XP level 2. HP: 20/27 MP: 1/1
   870 | D:2      | Found a basalt altar of Yredelemnul.
   871 | D:2      | Noticed a profane servitor
   886 | D:2      | Found a glowing golden altar of the Shining One.
   887 | D:2      | Noticed an angel
   938 | D:2      | Found an ancient bone altar of Kikubaaqudgha.
   967 | D:2      | Acquired Trog's second power
   967 | D:2      | Reached XP level 3. HP: 34/34 MP: 2/2
  1388 | D:3      | Found a blossoming altar of Fedhas.
  1494 | D:3      | Reached skill level 5 in Fighting
  1565 | D:3      | Reached XP level 4. HP: 23/42 MP: 3/3
  1850 | D:4      | Reached skill level 5 in Maces & Flails
  2021 | D:4      | Reached XP level 5. HP: 9/50 MP: 4/4
  2223 | D:4      | Reached skill level 6 in Fighting
  2250 | D:4      | Noticed an ogre
  2260 | D:4      | Killed an ogre
  2260 | D:4      | Reached XP level 6. HP: 27/58 MP: 5/5
  2401 | D:4      | Found a snail-covered altar of Cheibriados.
  2665 | D:4      | Reached skill level 7 in Fighting
  3104 | D:4      | Reached XP level 7. HP: 64/66 MP: 6/6
  3353 | D:4      | Found a burning altar of Makhleb.
  3677 | D:5      | Entered Level 5 of the Dungeon
  3738 | D:5      | Found a viscous altar of Jiyva.
  3753 | D:5      | Reached skill level 8 in Fighting
  3780 | D:5      | Fell from the grace of Trog
  3780 | D:5      | Became a worshipper of Jiyva Jyicuset the Shapeless
  3799 | D:5      | Found a shattered altar of Ashenzari.
  3821 | D:5      | Found a stormy altar of Qazlal.
  3821 | D:5      | Found a white marble altar of Elyvilon.
  3934 | D:5      | Found a staircase to the Ecumenical Temple.
  3976 | Temple   | Entered the Ecumenical Temple
  4034 | Temple   | Noticed a polar bear
  4068 | Temple   | Slain by a black bear

Action                   |  1- 3 |  4- 6 |  7- 9 || total
-------------------------+-------+-------+-------++-------
Melee: Mace              |    83 |   110 |    74 ||   267
Invok: Berserk           |       |     1 |       ||     1
       Trog's Hand       |       |     1 |       ||     1
  Eat: Chunk             |     2 |     5 |     4 ||    11
